AoeStats
← mhilla73

Nomad

510223515Analyzed
4v4 RM · 3d ago on Sep 30, 2026· 60m 40s· 8 players
Game mode
Random Map
Map size
231×231
Population
200
Speed
Normal
Resources
Standard
Victory
Conquest
Starting age
Dark Age
Ending age
Imperial Age
RankedLock teamsTeams togetherTeam positionsShared explorationLock speedFull tech treeHidden civsTurbo modeCheats
Victory
Defeat
🇺🇸 Japanese · United States
1506
+8
🇦🇷 Burgundians · Argentina
1339
+14
🇺🇸 Varangians · United States
1294
+16
🇺🇸 Khmer · United States
1216
+18
🇦🇷 Maya · Argentina
1419
-19
🇦🇷 Spanish · Argentina
1278
-13
🇦🇷 Varangians · Argentina
1251
-12
🇺🇾 Portuguese · Uruguay
1240
-12
Pipo
2:54 Loom
16:30 Feudal Age
18:38 Fishing Lines
21:43 Castle Age
20:46 Double-Bit Axe
21:34 Fletching
22:36 Crossbowman
24:23 Bodkin Arrow
32:47 Ballistics
32:55 Horse Collar
37:58 Imperial Age
35:53 Padded Archer Armor
36:38 Wheelbarrow
37:03 Thumb Ring
38:40 Bracer
38:55 Gold Mining
39:39 Arbalester
43:44 Leather Archer Armor
44:56 Chemistry
44:25 Bow Saw
47:46 Scale Mail Armor
47:56 Forging
47:53 Pikeman
48:23 Halberdier
Ronamdz
6:05 Loom
12:45 Feudal Age
14:56 Double-Bit Axe
15:11 Town Watch
21:00 Castle Age
19:43 Forging
20:03 Gold Mining
20:55 Horse Collar
22:27 Bloodlines
22:57 Husbandry
25:24 Medium Warships
27:43 Scale Barding Armor
29:03 Heavy Plow
35:16 Imperial Age
32:54 Stone Mining
37:53 Iron Casting
Cango
4:55 Loom
13:50 Feudal Age
15:21 Man-at-Arms
17:18 Fletching
18:14 Forging
23:08 Castle Age
23:16 Bloodlines
24:11 Thumb Ring
27:54 Padded Archer Armor
29:01 Fishing Lines
37:28 Demolition Ship
43:59 Town Watch
47:28 Gillnets
53:01 Imperial Age
53:29 Wheelbarrow
53:13 Husbandry
55:53 Cavalier
57:02 Scale Barding Armor
57:39 Iron Casting
60:02 Chain Barding Armor
60:42 Blast Furnace
XEVER | JoKeR
9:46 Loom
14:06 Feudal Age
14:54 Double-Bit Axe
20:03 Fletching
24:48 Castle Age
23:18 Padded Archer Armor
25:15 Crossbowman
37:38 Wheelbarrow
41:37 Sanctity
49:38 Hand Cart
57:57 Imperial Age
55:56 Eagle Warrior
57:19 Scale Mail Armor
57:30 Forging
58:34 Chain Mail Armor
60:14 Iron Casting
ValkriaN
7:08 Loom
10:45 Double-Bit Axe
13:02 Fishing Lines
16:20 Feudal Age
16:39 Feudal Age
16:25 Horse Collar
18:32 Bow Saw
20:44 Castle Age
19:00 Heavy Plow
19:30 Fletching
22:08 Bodkin Arrow
31:40 Gold Mining
34:27 Wheelbarrow
36:49 Imperial Age
34:26 Treadmill Crane
35:24 Gold Shaft Mining
34:41 Stone Mining
36:09 Hand Cart
36:15 Forging
36:10 Scale Barding Armor
36:39 Husbandry
36:00 Cavalier
37:03 Burgundian Vineyards
38:01 Iron Casting
38:33 Conscription
40:16 Chain Barding Armor
39:28 Paladin
42:50 Blast Furnace
44:13 Plate Barding Armor
46:14 Light Cavalry
48:00 Stone Shaft Mining
47:41 Hussar
48:53 Bracer
48:53 Padded Archer Armor
52:04 Chemistry
51:24 Ballistics
52:10 Leather Archer Armor
55:44 Elite Skirmisher
mhilla73
4:36 Loom
18:39 Feudal Age
19:37 Horse Collar
19:44 Double-Bit Axe
22:05 Castle Age
22:59 Bloodlines
22:10 Light Cavalry
23:07 Gold Mining
23:19 Heavy Plow
40:57 Ballistics
49:20 Fletching
49:42 Forging
49:37 Scale Barding Armor
57:18 Bow Saw
Divine
4:08 Loom
16:11 Feudal Age
18:07 Wheelbarrow
22:07 Castle Age
26:05 Fletching
36:22 Imperial Age
38:14 Bodkin Arrow
53:52 Horse Collar
54:01 Double-Bit Axe
x_treme77
3:46 Loom
13:23 Feudal Age
19:29 Fletching
26:54 Castle Age
25:51 Padded Archer Armor
28:07 Wheelbarrow
27:45 Bodkin Arrow
27:21 Crossbowman
34:14 Double-Bit Axe
41:49 Horse Collar
46:51 Imperial Age
46:11 Hand Cart
45:56 Town Watch
47:14 Ballistics
47:53 Bracer
48:18 Conscription
49:18 Thumb Ring
50:42 Chemistry
50:21 Guard Tower
50:17 Arrowslits
50:59 Capped Ram
53:44 Yasama
54:27 Leather Archer Armor
54:49 Keep
54:25 Masonry
55:17 Parthian Tactics
56:36 Heavy Plow
57:04 Bow Saw
58:07 Town Patrol
58:43 Ring Archer Armor
58:37 Shipwright
58:28 Clinker Construction
58:29 Heavy Cavalry Archer
59:42 Murder Holes
59:27 Treadmill Crane
Connection lost

Rejoining the realm…

Still unreachable

The connection could not be restored.

Session expired

The server has moved on; the page needs a fresh start.